 Dungeon Crawl Stone Soup version 0.17.0-28-g6e173f8 (webtiles) character file.

433 septik the Twirler (level 7, -3/40 HPs)
             Began as a Gargoyle Gladiator on Nov 30, 2015.
             Slain by a mummy (11 damage)
             ... in an ossuary.
             The game lasted 00:05:44 (3771 turns).

septik the Twirler (Gargoyle Gladiator)             Turns: 3771, Time: 00:05:44

Health: -3/40      AC: 14    Str: 18    XL:     7   Next: 0%
Magic:  7/7        EV: 10    Int:  9    God:
Gold:   186        SH:  0    Dex: 12    Spells: 0 memorised, 6 levels left

rFire  . . .     SeeInvis +     a - +1 quarterstaff
rCold  . . .     Clarity  .     k - +0 scale mail
rNeg   + . .     SustAt   .     (shield currently unavailable)
rPois  ∞         Gourm    .     z - +0 helmet
rElec  +         Spirit   .     t - +0 cloak
rCorr  .         Warding  .     p - +0 pair of gloves
rMut   .         Stasis   .     C - +0 pair of boots
MR     .....                    (no amulet)
Stlth  ..........               (no ring)
                                b - ring of see invisible

@: invisible, not resistant to hostile enchantments, extremely unstealthy
A: negative energy resistance 1, electricity resistance, unbreathing,
petrification resistance, rot immunity, AC +4
a: no special abilities


You were in an ossuary.
You were not hungry.

You visited 1 branch of the dungeon, and saw 5 of its levels.
You also visited: Ossuary.

You collected 186 gold pieces.

Inventory:

Hand Weapons
 a - a +1 quarterstaff (weapon)
Missiles
 d - 3 throwing nets (quivered)
 j - 143 stones
Armour
 c - a +0 helmet
 k - a +0 scale mail (worn)
 p - a +0 pair of gloves (worn)
 t - a +0 cloak (worn)
 z - a +0 helmet (worn)
 C - a +0 pair of boots (worn)
Jewellery
 b - a ring of see invisible (left hand)
 v - an uncursed ring of fire
Wands
 B - a wand of digging (24)
Scrolls
 i - 3 scrolls of identify
Potions
 q - a potion of curing
 r - a potion of heal wounds {unknown}
 x - a potion of brilliance {unknown}
Books
 u - a book of Summonings

   Spells                             Type                      Level
   a - Recall                         Summoning/Translocation      3
   b - Aura of Abjuration             Summoning                    5
   c - Shadow Creatures               Summoning                    5
   d - Summon Demon                   Summoning                    5
   e - Summon Forest                  Summoning/Translocation      5
   f - Summon Mana Viper              Hexes/Summoning              5
Comestibles
 e - 4 bread rations
 l - a beef jerky
 s - 3 meat rations
 A - a fruit
 E - a chunk of flesh


   Skills:
 - Level 2.1 Fighting
 + Level 7.6 Staves
 - Level 1.7 Throwing
 - Level 2.4 Dodging


You had 6 spell levels left.
You didn't know any spells.

Dungeon Overview and Level Annotations

Branches:
Dungeon (5/15)
 Temple: D:4-7

Altars:
Cheibriados
Gozag
Zin

Annotations:
D:4 skk's ghost, novice DsFi


Innate Abilities, Weirdness & Mutations

You are resistant to torment.
Your stone body is resilient (AC +4).
You are immune to poison.
You resist negative energy.
You are resistant to electric shocks.
You can survive without breathing.
You are immune to petrification.
You are immune to rotting.


Message History

The mummy is severely damaged.
The mummy closely misses you. The mummy hits you but does no damage.
You hit the mummy.
The mummy is severely damaged.
The mummy hits you but does no damage. The mummy completely misses you.
You barely miss the mummy.
The mummy is severely damaged.
The mummy hits you!
* * * LOW HITPOINT WARNING * * *
Drink which item? (? for menu, Esc to quit)
You feel better. The mummy closely misses you. The mummy barely misses you.
The mummy hits you.
* * * LOW HITPOINT WARNING * * *
Drink which item? (? for menu, Esc to quit)
It was a potion of cancellation.
You feel magically purged.
Drink which item? (? for menu, Esc to quit)
It was a potion of invisibility.
You fade into invisibility!
The mummy hits you!
You die...

##+##
#...#
#.∩.#
#...#
#.∩.#
##...##
#.@M..#
#M#M#.#
#######


You could see 3 mummies.

Vanquished Creatures
  A phantom (D:4)
  A centaur (D:5)
  A jelly (D:4)
  2 hounds (D:3)
  An iguana (D:3)
  A worker ant (D:4)
  A hound zombie (D:4)
  A hound skeleton (D:4)
  4 adders
  An adder zombie (D:4)
  3 giant geckos
  2 orcs
  4 goblins
  6 hobgoblins
  9 bats
  5 giant cockroaches
  A giant cockroach zombie (D:4)
  6 giant newts
  4 kobolds
  7 rats
61 creatures vanquished.

Vanquished Creatures (others)
  A giant cockroach (D:1)
1 creature vanquished.

Grand Total: 62 creatures vanquished

Notes
Turn   | Place    | Note
--------------------------------------------------------------
     0 | D:1      | septik the Gargoyle Gladiator began the quest for the Orb.
     0 | D:1      | Reached XP level 1. HP: 12/12 MP: 1/1
   310 | D:1      | Reached XP level 2. HP: 17/17 MP: 2/2
   921 | D:2      | Reached skill level 4 in Staves
   921 | D:2      | Reached XP level 3. HP: 21/21 MP: 3/3
  1136 | D:2      | Reached XP level 4. HP: 22/26 MP: 4/4
  1147 | D:2      | Found a glowing silver altar of Zin.
  1197 | D:2      | Found a snail-covered altar of Cheibriados.
  1857 | D:3      | Reached skill level 5 in Staves
  2549 | D:3      | Reached XP level 5. HP: 23/30 MP: 5/5
  2654 | D:3      | Reached skill level 6 in Staves
  2747 | D:4      | Noticed a phantom
  2782 | D:4      | Killed a phantom
  2782 | D:4      | Reached XP level 6. HP: 26/35 MP: 6/6
  2864 | D:4      | Reached skill level 7 in Staves
  2885 | D:4      | Noticed skk's ghost (novice DsFi)
  3479 | D:5      | Entered Level 5 of the Dungeon
  3540 | D:5      | Found an opulent altar of Gozag.
  3678 | D:5      | Reached XP level 7. HP: 13/40 MP: 7/7
  3753 | D:5      | Found a sand-covered staircase.
  3758 | Ossuary  | Entered an ossuary
  3771 | Ossuary  | Slain by a mummy

Action                   |  1- 3 |  4- 6 |  7- 9 || total
-------------------------+-------+-------+-------++-------
Melee: Quarterstaff      |    86 |   216 |     8 ||   310
  Use: Scroll            |       |       |     8 ||     8
       Potion            |       |       |     3 ||     3
  Eat: Chunk             |     1 |     6 |     2 ||     9
